MLB
CHICAGO CUBS @ WASHINGTON NATIONALS
09/07/2018
 
TOP OF THE 1ST
Chicago Cubs batting - Pitching for Washington Nationals : RHP Nathan Karns
Pitching: RHP Nathan Karns
Batting: LHB Carlos Asuaje 0-0: Called Strike
0-1: Ball
1-1: Foul Ball, location: 2F
1-2: Fly out, F8 (Line Drive, 8RD)
Batting: RHB Paul DeJong 0-0: Fly out, F8 (Flyball, 8LD)
Batting: LHB Cody Bellinger 0-0: Foul Ball, location: 2F
0-1: Swinging Strike
0-2: Strikes out looking
Top of the 1st over - 0 runs, 0 hits, 0 errors, 0 left on base; Chicago 0 - Washington 0
BOTTOM OF THE 1ST
Washington Nationals batting - Pitching for Chicago Cubs : RHP Masahiro Tanaka
Pitching: RHP Masahiro Tanaka
Batting: LHB Joe Panik 0-0: Ball
1-0: SINGLE (Groundball, 4MD)
Batting: SHB Aaron Hicks 0-0: Ball
1-0: Bunted foul
1-1: Called Strike
1-2: Foul Ball, location: 2F
1-2: Ball
2-2: Fielders Choice at 2nd, 1-6 (Groundball, 13S)
Batting: LHB Andrew Benintendi 0-0: Ball
1-0: Called Strike
1-1: Called Strike
1-2: Ball
2-2: Fielders Choice at 2nd, 4-6 (Groundball, 34)
Batting: RHB Marcell Ozuna 0-0: Ball
1-0: Foul Ball, location: 2F
1-1: DOUBLE (Line Drive, 7LM)
Andrew Benintendi to third
Runner from 3rd tries for Home, SAFE, throw by LF to home
Batting: RHB Yulieski Gurriel 0-0: Foul Ball, location: 2F
0-1: Fly out, F7 (Flyball, 7)
Bottom of the 1st over - 1 run, 2 hits, 0 errors, 1 left on base; Chicago 0 - Washington 1
TOP OF THE 2ND
Chicago Cubs batting - Pitching for Washington Nationals : RHP Nathan Karns
Batting: RHB Justin Upton 0-0: SOLO HOME RUN (Flyball, 7D), Distance : 366 ft
Batting: RHB Willson Contreras 0-0: Ball
1-0: Swinging Strike
1-1: Ball
2-1: SINGLE (Line Drive, 34D)
Batting: RHB Jedd Gyorko 0-0: Called Strike
0-1: Called Strike
Willson Contreras steals 2nd base
0-2: Ball
1-2: Ball
2-2: Foul Ball, location: 2F
2-2: Fly out, F6 (Line Drive, 6)
Batting: RHB Stephen Piscotty 0-0: Called Strike
0-1: Called Strike
0-2: Strikes out swinging
Batting: RHB Kyle Lewis 0-0: Called Strike
0-1: Called Strike
0-2: Ball
1-2: Strikes out swinging
Top of the 2nd over - 1 run, 2 hits, 0 errors, 1 left on base; Chicago 1 - Washington 1
BOTTOM OF THE 2ND
Washington Nationals batting - Pitching for Chicago Cubs : RHP Masahiro Tanaka
Batting: LHB Yonder Alonso 0-0: Foul Ball, location: 2F
0-1: Ball
1-1: Ground out U3 (Groundball, 3L)
Batting: RHB Chris Taylor 0-0: Fly out, F4 (Line Drive, 4)
Batting: RHB Nathan Karns 0-0: Called Strike
0-1: Ball
1-1: Foul Ball, location: 2F
1-2: Strikes out swinging
Bottom of the 2nd over - 0 runs, 0 hits, 0 errors, 0 left on base; Chicago 1 - Washington 1
TOP OF THE 3RD
Chicago Cubs batting - Pitching for Washington Nationals : RHP Nathan Karns
Batting: RHB Masahiro Tanaka 0-0: Ball
1-0: Ball
2-0: Ball
3-0: Called Strike
3-1: Called Strike
3-2: Fly out, F6 (Flyball, 6MD)
Batting: LHB Carlos Asuaje 0-0: Fly out, F7 (Flyball, 7)
Batting: RHB Paul DeJong 0-0: Fly out, F8 (Line Drive, 8LD)
Top of the 3rd over - 0 runs, 0 hits, 0 errors, 0 left on base; Chicago 1 - Washington 1
BOTTOM OF THE 3RD
Washington Nationals batting - Pitching for Chicago Cubs : RHP Masahiro Tanaka
Batting: RHB Tyler Flowers 0-0: Called Strike
0-1: Ball
1-1: Called Strike
1-2: Strikes out swinging
Batting: LHB Joe Panik 0-0: Ball
1-0: Ball
2-0: Ball
3-0: Called Strike
3-1: Foul Ball, location: 2F
3-2: Strikes out swinging
Batting: SHB Aaron Hicks 0-0: Called Strike
0-1: Ball
1-1: Foul Ball, location: 2F
1-2: Ground out 6-3 (Groundball, 6M)
Bottom of the 3rd over - 0 runs, 0 hits, 0 errors, 0 left on base; Chicago 1 - Washington 1
TOP OF THE 4TH
Chicago Cubs batting - Pitching for Washington Nationals : RHP Nathan Karns
Batting: LHB Cody Bellinger 0-0: Ball
1-0: Called Strike
1-1: Ball
2-1: Ball
3-1: Swinging Strike
3-2: SINGLE (Groundball, 34D)
Batting: RHB Justin Upton 0-0: Called Strike
0-1: Ball
1-1: Ball
2-1: Foul Ball, location: 2F
2-2: Grounds into double play, 4-6-3 (Groundball, 4M)
Batting: RHB Willson Contreras 0-0: Ball
1-0: Called Strike
1-1: Ball
2-1: Ball
3-1: Foul Ball, location: 2F
3-2: Base on Balls
Batting: RHB Jedd Gyorko 0-0: Ball
1-0: SINGLE (Flyball, 89S)
Willson Contreras to second
Runner from 2nd tries for 3rd, SAFE, throw by RF made to third
Batting: RHB Stephen Piscotty 0-0: Ball
1-0: Foul Ball, location: 2F
1-1: Foul Ball, location: 2F
1-2: Foul Ball, location: 2F
1-2: SINGLE (Line Drive, 9S)
Willson Contreras scores
Jedd Gyorko to second
Runner from 2nd tries for 3rd, SAFE, no throw by RF
Batting: RHB Kyle Lewis 0-0: Called Strike
0-1: Ball
1-1: Called Strike
1-2: Strikes out looking
Top of the 4th over - 1 run, 3 hits, 0 errors, 2 left on base; Chicago 2 - Washington 1
BOTTOM OF THE 4TH
Washington Nationals batting - Pitching for Chicago Cubs : RHP Masahiro Tanaka
Batting: LHB Andrew Benintendi 0-0: Ball
1-0: Foul Ball, location: 2F
1-1: Foul Ball, location: 2F
1-2: Ball
2-2: Foul Ball, location: 2F
2-2: Foul Ball, location: 2F
2-2: Ground out 6-3 (Groundball, 6)
Batting: RHB Marcell Ozuna 0-0: Foul Ball, location: 2F
0-1: Called Strike
0-2: Ball
1-2: Foul Ball, location: 2F
1-2: Fly out, F9 (Flyball, 89D)
Batting: RHB Yulieski Gurriel 0-0: Fly out, F9 (Flyball, 9)
Bottom of the 4th over - 0 runs, 0 hits, 0 errors, 0 left on base; Chicago 2 - Washington 1
TOP OF THE 5TH
Chicago Cubs batting - Pitching for Washington Nationals : RHP Nathan Karns
Batting: RHB Masahiro Tanaka 0-0: Called Strike
0-1: Foul Ball, location: 2F
0-2: Ball
1-2: Foul Ball, location: 2F
1-2: Strikes out swinging
Batting: LHB Carlos Asuaje 0-0: Ground out 5-3 (Groundball, 5)
Batting: RHB Paul DeJong 0-0: SINGLE (Groundball, 6MD)
Batting: LHB Cody Bellinger 0-0: Called Strike
0-1: Called Strike
0-2: Ball
Paul DeJong steals 2nd, throwing error, E2
Paul DeJong to third
1-2: Ball
2-2: Fly out, F7 (Flyball, 7)
Top of the 5th over - 0 runs, 1 hit, 1 error, 1 left on base; Chicago 2 - Washington 1
BOTTOM OF THE 5TH
Washington Nationals batting - Pitching for Chicago Cubs : RHP Masahiro Tanaka
Batting: LHB Yonder Alonso 0-0: Called Strike
0-1: Ball
1-1: Foul Ball, location: 2F
1-2: Strikes out looking
Batting: RHB Chris Taylor 0-0: DOUBLE (Flyball, 8RXD)
Pinch Hitting: LHB Jordan Patterson 0-0: Ball
1-0: Swinging Strike
1-1: Swinging Strike
1-2: Strikes out swinging
Batting: RHB Tyler Flowers 0-0: SINGLE (Line Drive, 9S)
Chris Taylor to third
Runner from 3rd tries for Home, SAFE, no throw by RF
Batting: LHB Joe Panik 0-0: Fly out, F7 (Flyball, 78D)
Bottom of the 5th over - 1 run, 2 hits, 0 errors, 1 left on base; Chicago 2 - Washington 2
TOP OF THE 6TH
Chicago Cubs batting - Pitching for Washington Nationals : RHP Nathan Karns
Pitching: RHP Dominic Leone
Batting: RHB Justin Upton 0-0: Ball
1-0: Swinging Strike
1-1: Called Strike
1-2: Ball
2-2: Strikes out swinging
Batting: RHB Willson Contreras 0-0: Ball
1-0: Ball
2-0: Swinging Strike
2-1: Ball
3-1: Foul Ball, location: 2F
3-2: Fly out, F6 (Popup, P)
Batting: RHB Jedd Gyorko 0-0: Ball
1-0: Ball
2-0: Called Strike
2-1: Swinging Strike
2-2: Strikes out swinging
Top of the 6th over - 0 runs, 0 hits, 0 errors, 0 left on base; Chicago 2 - Washington 2
BOTTOM OF THE 6TH
Washington Nationals batting - Pitching for Chicago Cubs : RHP Masahiro Tanaka
Batting: SHB Aaron Hicks 0-0: Ball
1-0: Called Strike
1-1: Swinging Strike
1-2: Foul Ball, location: 2F
1-2: Foul Ball, location: 2F
1-2: Fly out, F4 (Popup, 4)
Batting: LHB Andrew Benintendi 0-0: Ground out U3 (Groundball, 34)
Batting: RHB Marcell Ozuna 0-0: Called Strike
0-1: Ground out 4-3 (Groundball, 34)
Bottom of the 6th over - 0 runs, 0 hits, 0 errors, 0 left on base; Chicago 2 - Washington 2
TOP OF THE 7TH
Chicago Cubs batting - Pitching for Washington Nationals : RHP Dominic Leone
Pitching: RHP Bud Norris
Batting: RHB Stephen Piscotty 0-0: Ball
1-0: Swinging Strike
1-1: Ball
2-1: Ball
3-1: Called Strike
3-2: Strikes out looking
Batting: RHB Kyle Lewis 0-0: Ground out 6-3 (Groundball, 6M)
Batting: RHB Masahiro Tanaka 0-0: Swinging Strike
0-1: Swinging Strike
0-2: Ball
1-2: Foul Ball, location: 2F
1-2: Strikes out swinging
Top of the 7th over - 0 runs, 0 hits, 0 errors, 0 left on base; Chicago 2 - Washington 2
BOTTOM OF THE 7TH
Washington Nationals batting - Pitching for Chicago Cubs : RHP Masahiro Tanaka
Batting: RHB Yulieski Gurriel 0-0: Called Strike
0-1: SINGLE (Flyball, 7S)
Batting: LHB Yonder Alonso 0-0: Ball
1-0: Ball
2-0: Called Strike
2-1: Fly out, F9 (Flyball, 9D)
Batting: RHB Chris Taylor 0-0: Called Strike
0-1: Ball
1-1: DOUBLE (Line Drive, 7LM)
Yulieski Gurriel to third
Runner from 3rd tries for Home, SAFE, no throw by LF
Pinch Hitting: RHB Tyler White 0-0: Ball
1-0: Ball
2-0: SINGLE (Groundball, 56D)
Chris Taylor to third
Runner from 3rd tries for Home, SAFE, throw by LF to home
Batting: RHB Tyler Flowers 0-0: Called Strike
0-1: Fly out, F8 (Flyball, 8LXD)
Batting: LHB Joe Panik 0-0: Called Strike
0-1: Fielders Choice at 2nd, 5-4 (Groundball, 5L)
Bottom of the 7th over - 2 runs, 3 hits, 0 errors, 1 left on base; Chicago 2 - Washington 4
TOP OF THE 8TH
Chicago Cubs batting - Pitching for Washington Nationals : RHP Bud Norris
Pitching: RHP Joakim Soria
Batting: LHB Carlos Asuaje 0-0: Swinging Strike
0-1: Reached on error, E5 (Groundball, 56)
Batting: RHB Paul DeJong 0-0: Called Strike
0-1: Ball
1-1: Fly out, F7 (Line Drive, 7)
Batting: LHB Cody Bellinger 0-0: Ball
1-0: Ball
2-0: Called Strike
2-1: Ball
3-1: Base on Balls
Carlos Asuaje to second
Batting: RHB Justin Upton 0-0: Foul Ball, location: 2F
0-1: Called Strike
0-2: Foul Ball, location: 2F
0-2: Grounds into double play, 5-4-3 (Groundball, 56)
Top of the 8th over - 0 runs, 0 hits, 1 error, 1 left on base; Chicago 2 - Washington 4
BOTTOM OF THE 8TH
Washington Nationals batting - Pitching for Chicago Cubs : RHP Masahiro Tanaka
Pitching: RHP Nick Burdi
Batting: SHB Aaron Hicks 0-0: Swinging Strike
0-1: Called Strike
0-2: Strikes out looking
Batting: LHB Andrew Benintendi 0-0: Ball
1-0: Ball
2-0: Ball
3-0: Base on Balls
Batting: RHB Marcell Ozuna 0-0: Ball
1-0: Ball
2-0: Called Strike
2-1: Ball
3-1: Foul Ball, location: 2F
3-2: Fly out, F3 (Line Drive, 3)
Lined into DP, U3 (Line Drive, 3)
Bottom of the 8th over - 0 runs, 0 hits, 0 errors, 0 left on base; Chicago 2 - Washington 4
TOP OF THE 9TH
Chicago Cubs batting - Pitching for Washington Nationals : RHP Joakim Soria
Pitching: LHP Aaron Loup
Batting: RHB Willson Contreras 0-0: Ball
1-0: Ball
2-0: SINGLE (Groundball, 34D)
Batting: RHB Jedd Gyorko 0-0: Ball
1-0: Swinging Strike
1-1: Ball
2-1: Foul Ball, location: 2F
2-2: Foul Ball, location: 2F
2-2: Strikes out swinging
Batting: RHB Stephen Piscotty 0-0: Ball
Error on foul ball, E2
1-1: Fly out, F8 (Line Drive, 8LD)
Batting: RHB Kyle Lewis 0-0: Ball
1-0: Called Strike
1-1: Foul Ball, location: 2F
1-2: Foul Ball, location: 2F
1-2: Ground out 2-3 (Groundball, 15S)
Top of the 9th over - 0 runs, 1 hit, 1 error, 1 left on base; Chicago 2 - Washington 4
Sunday, November 18th, 2018 - OOTP Baseball 19.9 Build 115